 Dungeon Crawl Stone Soup version 0.27.1-33-g824d729ab1 (webtiles) character file.

Game seed: 5108865692077915376

282 Cykl0x the Slasher (level 6, -2/36 HPs)
             Began as a Gargoyle Gladiator on Dec 25, 2021.
             Slain by Natasha (8 damage)
             ... on level 3 of the Dungeon.
             The game lasted 00:06:45 (2647 turns).

Cykl0x the Slasher (Gargoyle Gladiator)             Turns: 2647, Time: 00:06:46

Health: -2/36      AC: 11    Str: 19    XL:     6   Next: 28%
Magic:  8/8        EV: 11    Int:  9    God:
Gold:   71         SH:  5    Dex: 11    Spells: 8/8 levels left

rFire    + . .     SeeInvis .   a - +0 long sword
rCold    . . .     Faith    .   (no shield)
rNeg     + . .     Spirit   .   i - +0 ring mail
rPois    ∞         Reflect  +   c - +1 helmet
rElec    +         Harm     .   (no cloak)
rCorr    .         Rampage  .   (no gloves)
Will     .....                  (no boots)
Stlth    +.........             j - amulet of reflection
HPRegen  0.12/turn              l - ring of protection from fire
MPRegen  0.11/turn              (no ring)

@: no status effects
A: sickness immunity, AC +4, negative energy resistance 1, electricity
resistance, torment resistance 1, petrification resistance
a: no special abilities


You were on level 3 of the Dungeon.
You visited 1 branch of the dungeon, and saw 3 of its levels.

You collected 71 gold pieces.

Inventory:

Hand Weapons
 a - a +0 long sword (weapon)
 f - a +2 dagger of venom
Missiles
 d - 3 throwing nets
 e - 173 stones (quivered)
Armour
 b - a +0 leather armour
 c - a +1 helmet (worn)
 i - a +0 ring mail (worn)
Jewellery
 j - an amulet of reflection (around neck)
 l - a ring of protection from fire (left hand)
Scrolls
 h - a scroll of identify
Potions
 g - a potion of resistance {unknown}
 k - a potion of flight {unknown}


   Skills:
 + Level 2.7 Fighting
 + Level 3.8 Long Blades
 + Level 2.9 Throwing
 + Level 2.0 Armour
 + Level 2.8 Dodging
 + Level 0.7 Shields
 * Level 1.8 Spellcasting
 * Level 2.2 Invocations


You had 8 spell levels left.
You didn't know any spells.
Your spell library was empty.

Dungeon Overview and Level Annotations

Branches:
Dungeon (3/15)

Altars:

Shops:
D:1 (   D:3 ([*

Annotations:
D:3 Natasha


Innate Abilities, Weirdness & Mutations

You are immune to sickness and miasma.
Your stone body is resilient. (AC +4)
You are immune to poison.
You resist negative energy. (rN+)
You are resistant to electric shocks. (rElec)
You are resistant to unholy torment.
You are immune to petrification.


Message History

You see here the felid corpse of Natasha.
Natasha, Servant of Life and Death comes into view.
You are too injured to fight recklessly!
You are too injured to fight recklessly!
You are too injured to fight recklessly!
You are too injured to fight recklessly!
Throw: 176 stones
Press: ? - help, Q - select action, (/) - cycle Shift-Dir - straight line, f - Natasha
Aim: Natasha (wandering, hasn't noticed you, 50% to hit)
You throw a stone. The stone barely misses Natasha.
Natasha hisses angrily.
Unknown command.
Throw: 175 stones
Press: ? - help, Q - select action, (/) - cycle Shift-Dir - straight line, f/p - Natasha
Aim: Natasha (50% to hit)
You throw a stone. The stone barely misses Natasha.
Unknown command.
Okay, then.
Throw: 174 stones
Press: ? - help, Q - select action, (/) - cycle Shift-Dir - straight line, f/p - Natasha
Aim: Natasha (50% to hit)
You throw a stone. The stone hits Natasha.
Natasha is lightly wounded.
Natasha claws you.
You completely miss Natasha.
Natasha is lightly wounded.
You feel yourself speed up. Natasha claws you.
* * * LOW HITPOINT WARNING * * *
Unknown command.
You barely miss Natasha.
Natasha is lightly wounded.
Natasha claws you.
* * * LOW HITPOINT WARNING * * *
Natasha claws you but does no damage.
Unknown command.
You hit Natasha.
Natasha is moderately wounded.
Natasha claws you!
You die...

##### #####'### #.#*,..,,, #.#
#.#*..,,,, # ************#.#
#.##(,,,,, #
*,,,,,,,,,,*#.######..(#**,,, #
*,,,,,,,,,,*#.....##.(.# *,,,
#****,,,,,,,,,,*#..)..##.).# *,,,
+,,,,,,,,,,,,,,*#.....##'######**
#########+#######†............# *
'.).......#...(h@.............# *
##########.....#######........# *
....# #(..(.# #<.......# * ....#
#(.(..# #..^.....###
##.+######.....# ###'#.......
.#.......#.....# #.#.......
.#.......#.....# #.#.......
(........#.....# #.#.......
.#.......#.....# #.#.......


You could see Natasha.

Vanquished Creatures
  Sigmund (D:2)
  Natasha (twice) (D:3)
  2 adders
  A dart slug (D:1)
  2 orcs (D:3)
  9 ball pythons
  4 bats
  4 endoplasms
  3 giant cockroaches
  3 goblins
  3 hobgoblins (D:1)
  2 jackals (D:1)
  5 kobolds
  2 quokkas
  4 frilled lizards
  6 rats
53 creatures vanquished.

Notes
Turn   | Place    | Note
-------+----------+-------------------------------------------
     0 | D:1      | Cykl0x the Gargoyle Gladiator began the quest for the Orb.
     0 | D:1      | Reached XP level 1. HP: 12/12 MP: 1/1
   147 | D:1      | Reached XP level 2. HP: 17/18 MP: 2/2
   493 | D:1      | Found Vust's Weapon Shop.
   550 | D:1      | Reached XP level 3. HP: 15/22 MP: 3/3
  1070 | D:2      | Reached skill level 3 in Long Blades
  1168 | D:2      | Noticed Sigmund
  1183 | D:1      | Reached skill level 1 in Invocations
  1299 | D:2      | Killed Sigmund
  1300 | D:2      | Reached skill level 1 in Armour
  1300 | D:2      | Reached skill level 1 in Spellcasting
  1300 | D:2      | Reached XP level 4. HP: 10/27 MP: 4/6
  1300 | D:2      | Reached XP level 5. HP: 12/31 MP: 4/7
  1891 | D:2      | Found a faded altar of an unknown god.
  2076 | D:2      | Reached XP level 6. HP: 36/36 MP: 8/8
  2328 | D:3      | Found Vaoranes's Weapon Emporium.
  2334 | D:3      | Found Qighauju's Antique Armour Shoppe.
  2402 | D:3      | Found Xozicied's General Store.
  2551 | D:3      | Noticed Natasha
  2566 | D:3      | Killed Natasha
  2621 | D:3      | Noticed Natasha
  2636 | D:3      | Killed Natasha
  2641 | D:3      | Noticed Natasha
  2647 | D:3      | Slain by Natasha

Illustrated notes

Levels and vault maps discovered:
D:1:      minmay_arrival_shattered_statue, layout_basic, serial_shops,
          shop_statue, chequers_decorated_corner, minmay_misc_feat_cross,
          minmay_misc_feat_more_columns
D:2:      layout_rooms, shapermc_ecumenical_altar_hornbeckon,
          chequers_serial_rivers_small_b, corexii_corridor_pit, uniq_sigmund
D:3:      layout_basic, serial_shops, nicolae_square_shop, shop,
          nicolae_lakefront_shop, shop, st_stairs_3, uniq_natasha

Skill      XL: |  1  2  3  4  5  6 |
---------------+-------------------+-----
Throwing       | 2 |  2.9
Long Blades    | 3 |  3.8
Invocations    | 2 |  2.2
Armour         | 1 2 |  2.0
Spellcasting   | 1 |  1.8
Fighting       | |  2.7
Dodging        | |  2.8
Shields        | |  0.7

Action                   |  1- 3 |  4- 6 || total
-------------------------+-------+-------++-------
Melee: Long sword        |    87 |    63 ||   150
Throw: Stone             |    58 |    46 ||   104
  Use: Scroll            |     2 |     3 ||     5
       Potion            |     2 |       ||     2
Armor: Leather armour    |    27 |    17 ||    44
       Ring mail         |       |     3 ||     3
Dodge: Dodged            |    68 |    25 ||    93
Block: Other             |    10 |     8 ||    18
       Rpst.: Long sword |    16 |    11 ||    27
